 Dungeon Crawl Stone Soup version 0.24.0-123-gd5b16e6ec5 (webtiles) character file.

Game seed: 2159302577751070978, levelgen mode: deterministic

373 Alfie the Shooter (level 6, -7/53 HPs)
             Began as a Minotaur Hunter on Feb 12, 2020.
             Blown up by Pikel (27 damage)
             ... with a disintegration bolt
             ... on level 5 of the Dungeon.
             The game lasted 00:11:15 (3149 turns).

Alfie the Shooter (Minotaur Hunter)                 Turns: 3149, Time: 00:11:16

Health: -7/53      AC:  3    Str: 18    XL:     6   Next: 43%
Magic:  5/5        EV: 12    Int:  8    God:
Gold:   214        SH:  0    Dex: 11    Spells: 5/5 levels left

rFire    . . .     SeeInvis .   b - +2 short sword
rCold    . . .     Gourm    .   (no shield)
rNeg     . . .     Faith    .   c - +0 leather armour
rPois    .         Spirit   .   (helmet restricted)
rElec    .         Reflect  .   (no cloak)
rCorr    .         Harm     .   (no gloves)
MR       .....                  (no boots)
Stlth    +.........             (no amulet)
HPRegen  0.17/turn              (no ring)
MPRegen  0.09/turn              (no ring)

@: no status effects
A: retaliatory headbutt, horns 2
a: no special abilities


You were on level 5 of the Dungeon.
You were not hungry.

You visited 1 branch of the dungeon, and saw 5 of its levels.

You collected 214 gold pieces.

Inventory:

Hand Weapons
 a - a +2 shortbow
 b - a +2 short sword (weapon)
Armour
 c - a +0 leather armour (worn)
Jewellery
 n - an uncursed ring of resist corrosion
 q - an uncursed ring of protection from cold {unknown}
 w - an uncursed ring of ice {unknown}
Wands
 u - a wand of polymorph (6)
Scrolls
 e - 2 scrolls of remove curse
 h - 4 scrolls of amnesia
 p - 2 scrolls of fear
Potions
 g - 2 potions of brilliance {unknown}
 i - a potion of might {unknown}
 j - 2 potions of curing
 k - a potion of magic {unknown}
 l - a potion of mutation {unknown}
 m - a potion of invisibility {unknown}
 o - 2 potions of flight {unknown}
 r - a potion of ambrosia {unknown}
 s - 2 potions of agility {unknown}
 t - a potion of heal wounds {unknown}
 v - a potion of cancellation {unknown}
Comestibles
 f - 8 rations


   Skills:
 + Level 4.3 Fighting
 + Level 2.1 Short Blades
 + Level 6.7 Bows
 + Level 1.8 Armour
 + Level 3.1 Dodging
 + Level 0.8 Stealth


You had 5 spell levels left.
You didn't know any spells.
Your spell library was empty.

Dungeon Overview and Level Annotations

Branches:
Dungeon (5/15)
 Temple: D:4-7

Altars:
The Shining One

Shops:
D:4 *

Annotations:
D:5 Pikel


Innate Abilities, Weirdness & Mutations

You reflexively headbutt those who attack you in melee.
You have a pair of horns on your head.


Message History

Pikel hits you with a +0 whip of flaming!
Pikel burns you.
You hit Pikel but do no damage. You headbutt Pikel!
Pikel is moderately wounded.
Pikel hits you with a +0 whip of flaming.
Pikel burns you.
You closely miss Pikel.
The slave shouts!
Your headbutt misses Pikel.
Pikel is moderately wounded.
Pikel barely misses you. You furiously retaliate!
You headbutt Pikel!
Pikel zaps a wand.
You are blasted!
You hit Pikel but do no damage.
Pikel is severely wounded.
Pikel zaps a wand.
You barely resist. You completely miss Pikel. Your headbutt misses Pikel.
Pikel is severely wounded.
Pikel zaps a wand.
You are blasted!
Ouch! That really hurt!
You die...

#.....................
#............(........
#...........#.########
#...........#p#
.............<#.#
###...........#p#
#...........#p#
#...........#K#
#...........#@#
#############.# #.#
#.# ..# ###


You could see Pikel and 3 slaves.

Vanquished Creatures
  A howler monkey (D:4)
  2 hounds (D:4)
  An orc wizard (D:3)
  3 worker ants
  Ijyb (D:4)
  A hound skeleton (D:5)
  4 adders
  2 oozes
  2 adder skeletons
  4 worms
  A dart slug (D:2)
  A leopard gecko (D:1)
  8 orcs
  5 bats
  7 giant cockroaches
  5 goblins
  8 hobgoblins
  11 kobolds
  2 quokkas
  4 frilled lizards
  7 rats
80 creatures vanquished.

Notes
Turn   | Place    | Note
-------+----------+-------------------------------------------
     0 | D:1      | Alfie the Minotaur Hunter began the quest for the Orb.
     0 | D:1      | Reached XP level 1. HP: 18/18 MP: 0/0
   205 | D:1      | Reached XP level 2. HP: 20/25 MP: 1/1
   208 | D:1      | Reached skill level 5 in Bows
   969 | D:2      | Reached XP level 3. HP: 30/30 MP: 2/2
  1117 | D:2      | Reached skill level 1 in Short Blades
  1117 | D:2      | Reached XP level 4. HP: 32/38 MP: 3/3
  1894 | D:3      | Reached XP level 5. HP: 20/46 MP: 4/4
  1992 | D:3      | Found a glowing golden altar of the Shining One.
  2134 | D:3      | Reached skill level 6 in Bows
  2351 | D:4      | Reached skill level 1 in Armour
  2573 | D:4      | Found Bestiul's Assorted Antiques.
  2697 | D:4      | Noticed Ijyb
  2716 | D:4      | Killed Ijyb
  2716 | D:4      | Reached XP level 6. HP: 49/52 MP: 5/5
  3074 | D:5      | Entered Level 5 of the Dungeon
  3129 | D:5      | Noticed a slave
  3131 | D:5      | Noticed Pikel
  3131 | D:5      | Noticed a slave
  3143 | D:5      | Noticed a slave
  3149 | D:5      | Blown up by Pikel

Levels and vault maps discovered:
D:1:      dpeg_arrival_boxes_within_box, layout_basic, minmay_shallow_snake_nest
D:2:      layout_rooms
D:3:      minmay_razor_zed, layout_loops_ring, tso_altar,
          kennysheep_generic_room_13
D:4:      layout_gridville, serial_shops, shop, uniq_ijyb
D:5:      layout_basic, first_ration, uniq_pikel

Skill      XL: |  1  2  3  4  5  6 |
---------------+-------------------+-----
Bows           | 5 6 |  6.7
Fighting       | 3 4 |  4.3
Short Blades   | 1 2 |  2.1
Armour         | 1 |  1.8
Dodging        | 3 |  3.1
Stealth        | |  0.8

Action                   |  1- 3 |  4- 6 || total
-------------------------+-------+-------++-------
Melee: Short sword       |    34 |    70 ||   104
       Headbutt          |     2 |     9 ||    11
 Fire: Shortbow          |    65 |   115 ||   180
  Use: Scroll            |     1 |    10 ||    11
  Eat: Ration            |     1 |     1 ||     2
Armor: Leather armour    |    15 |    12 ||    27
Dodge: Dodged            |    36 |    48 ||    84
